 Dungeon Crawl Stone Soup version 0.18.1-5-g4a78601 (webtiles) character file.

68 Goblin1989 the Firebug (level 4, 0/30 HPs)
             Began as a Demonspawn Fire Elementalist on May 12, 2016.
             Slain by an adder (2 damage)
             ... on level 2 of the Dungeon.
             The game lasted 00:08:37 (2007 turns).

Goblin1989 the Firebug (DsFE)                       Turns: 2007, Time: 00:08:37

Health: 0/30       AC:  2    Str:  7 (9)  XL:     4   Next: 1%
Magic:  0/7        EV: 12    Int: 14 (17) God:
Gold:   14         SH:  0    Dex: 10 (13) Spells: 2 memorised, 4 levels left

rFire  + . .     SeeInvis .     m - +0 whip (flame)
rCold  + . .     Gourm    .     a - +0 robe
rNeg   . . .     Faith    .     (no shield)
rPois  +         Spirit   +     (helmet restricted)
rElec  +         Dismiss  .     (no cloak)
rCorr  +         Reflect  .     (no gloves)
SustAt .         Harm     .     (no boots)
MR     .....                    (no amulet)
Stlth  ++........               (no ring)
                                (no ring)

@: lethally poisoned (0 -> -2), resistant, very slightly contaminated, not
resistant to hostile enchantments, unstealthy
A: horns 2, magic shield
a: no special abilities


You were on level 2 of the Dungeon.
You were not hungry.

You visited 1 branch of the dungeon, and saw 2 of its levels.

You collected 14 gold pieces.

Inventory:

Hand Weapons
 d - a +0 dagger of venom
 k - a +2 dagger of speed
 m - a +0 whip of flaming (weapon)
Armour
 a - a +0 robe (worn)
Scrolls
 e - 2 scrolls of identify {unknown}
 h - 2 scrolls of noise {unknown}
Potions
 i - a potion of agility {unknown}
Books
 b - a book of Flames

   Spells                             Type                      Level
   a - Flame Tongue                   Conjuration/Fire             1
   b - Throw Flame                    Conjuration/Fire             2
   c - Conjure Flame                  Conjuration/Fire             3
   d - Inner Flame                    Hexes/Fire                   3
   e - Sticky Flame                   Conjuration/Fire             4
   f - Fireball                       Conjuration/Fire             5
Comestibles
 c - 4 bread rations
 l - a meat ration


   Skills:
 - Level 1.7 Dodging
 - Level 1.7 Stealth
 + Level 2.5 Spellcasting
 * Level 1.6 Conjurations
 * Level 3.9 Fire Magic


You had 4 spell levels left.
You knew the following spells:

 Your Spells              Type           Power        Failure   Level  Hunger
a - Flame Tongue          Conj/Fire      #....        10%         1    #......
c - Conjure Flame         Conj/Fire      #.......     24%         3    ###....


Dungeon Overview and Level Annotations

Branches:
Dungeon (2/15)

Altars:


Innate Abilities, Weirdness & Mutations

You have a pair of horns on your head.
When hurt, damage is shared between your health and your magic reserves.


Message History

Drink which item? (? for menu, Esc to quit)
It was a potion of curing.
You feel better. The adder barely misses you.
You regained 5 hp, and now have 8/30 hp.
You hit the adder. You burn the adder. The adder bites you.
You are poisoned.
The adder poisons you!
You take 2 damage, and have 6/30 hp.
You hit the adder but do no damage.
You feel sick. The adder bites you. The adder bites you but does no damage.
You take 2 damage, and have 4/30 hp.
You completely miss the adder. The adder closely misses you.
You hit the adder but do no damage.
You feel sick. The adder barely misses you. x2
You take 1 damage, and have 3/30 hp.
You hit the adder. You burn the adder. The adder bites you.
You take 1 damage, and have 2/30 hp.
You now have 0/7 mp.
Drink which item? (? for menu, Esc to quit)
It was a potion of resistance.
You feel protected. The adder bites you.
You die...

..# #..# #.# ### #..## #.#
##...###.#
############.....##.#
..................#.#.##.#
############.............#
##...###.#.####
##.####.#.### #####
#...@S)...... .....
#.######..... ..... ## #.#
...## ##### .# #.# .>.. .#
#.# .#.#.######## .######
#.# ......... ......# #.#
S######## #####.# #.# #.#
##. #.# #.# ##.######.#


You could see an adder.

Vanquished Creatures
  3 adders (D:2)
  2 worms (D:2)
  A giant gecko (D:2)
  An orc (D:2)
  5 giant cockroaches
  4 goblins
  3 hobgoblins (D:1)
  8 kobolds
  4 bats
  A giant newt (D:1)
  A rat (D:1)
33 creatures vanquished.

Notes
Turn   | Place    | Note
--------------------------------------------------------------
     0 | D:1      | Goblin1989 the Demonspawn Fire Elementalist began the quest for the Orb.
     0 | D:1      | Reached XP level 1. HP: 13/13 MP: 3/3
   347 | D:1      | Reached skill level 3 in Fire Magic
   358 | D:1      | Gained mutation: You have a pair of small horns on your head. [demonic ancestry]
   358 | D:1      | Reached XP level 2. HP: 17/19 MP: 0/5
  1333 | D:2      | Gained mutation: When hurt, damage is shared between your health and your magic reserves. [demonic ancestry]
  1333 | D:2      | Reached XP level 3. HP: 14/24 MP: 2/6
  1808 | D:2      | Learned a level 3 spell: Conjure Flame
  1996 | D:2      | Gained mutation: You have a pair of horns on your head. [demonic ancestry]
  1996 | D:2      | Reached XP level 4. HP: 14/30 MP: 0/7
  2007 | D:2      | Slain by an adder

Skill      XL: |  1 |
---------------+----+-----
Fire Magic     | 3 |  3.9
Dodging        | |  1.7
Stealth        | |  1.7
Spellcasting   | |  2.5
Conjurations   | |  1.6

Action                   |  1- 3 |  4- 6 || total
-------------------------+-------+-------++-------
Melee: Dagger            |    18 |       ||    18
       Headbutt          |     3 |       ||     3
       Whip              |    12 |     8 ||    20
 Cast: Flame Tongue      |    57 |     1 ||    58
  Use: Potion            |       |     3 ||     3
  Eat: Meat ration       |     1 |       ||     1
Armor: Robe              |     9 |     2 ||    11
Dodge: Dodged            |    39 |     6 ||    45
